 Dungeon Crawl Stone Soup version 0.31-a0-344-gd109795599 (webtiles) character file.

Game seed: 824693167645850300

2450 GordonOverkill the Thaumaturge (level 9, 0/62 HPs)
             Began as a Mummy Enchanter on July 22, 2023.
             Was an Initiate of Gozag.
             Slain by a wight
             ... wielding a +4 scimitar of freezing
              (14 damage)
             ... on level 6 of the Dungeon.
             The game lasted 00:26:23 (7442 turns).

GordonOverkill the Thaumaturge (Mummy Enchanter)    Turns: 7442, Time: 00:26:24

Health: 0/62       AC:  5    Str: 11    XL:     9   Next: 25%
Magic:  21/23      EV: 12    Int: 18    God:    Gozag
Gold:   1011       SH:  0    Dex: 16    Spells: 17/28 levels left

rFire   . . .        o - +1 dagger (venom)
rCold   + . .        (no shield)
rNeg    + + +        b - +0 robe
rPois   ∞            (no helmet)
rElec   .            f - +0 cloak
rCorr   .            h - +0 pair of gloves
SInv    .            q - +0 pair of boots
Will    +....        e - amulet of regeneration
Stlth   ++           c - ring of the Firefly {Wiz Contam rF+ rN+ Dex+3}
HPRegen 1.10/turn    (no ring)
MPRegen 0.18/turn

%: faith, wizardry (x1)
@: no status effects
A: cold resistance 1, negative energy resistance 3, torment resistance 2, heat
vulnerability 1, in touch with death 1, no potions, faith
a: Renounce Religion, Potion Petition, Call Merchant, Bribe Branch


You were on level 6 of the Dungeon.
You worshipped Gozag.
Gozag was most pleased with you.
You visited 2 branches of the dungeon, and saw 8 of its levels.

You collected 1668 gold pieces.
You paid 657 gold pieces to Gozag.

Inventory:

Hand Weapons
 a - a +1 dagger
 n - a +2 dagger of draining
 o - a +1 dagger of venom (weapon)
 p - the +10 mace of a wizard's laboratory {freeze, rN+ SInv}
   (You found it on level 5 of the Dungeon)

   rN:        It protects you from negative energy.
   SInv:      It lets you see invisible.
Armour
 b - a +0 robe (worn)
 f - a +0 cloak (worn)
 h - a +0 pair of gloves (worn)
 l - a +3 leather armour
 q - a +0 pair of boots (worn)
Jewellery
 c - the ring of the Firefly (left hand) {Wiz Contam rF+ rN+ Dex+3}
   (You acquired it on level 4 of the Dungeon)

   [ring of wizardry]

   It improves your spell success rate.
   Dex:       It affects your dexterity (+3).
   rF:        It protects you from fire.
   rN:        It protects you from negative energy.
   Contam:    It causes magical contamination when unequipped.
 e - an amulet of regeneration (around neck)
Wands
 k - a wand of charming (22)
 s - a wand of flame (29)
Scrolls
 d - a scroll of revelation
 g - 3 scrolls of silence
 i - 3 scrolls of fog
 j - a scroll of fear {unknown}
 m - 3 scrolls of immolation
 r - a scroll of blinking {unknown}
 t - a scroll of noise {unknown}
 u - 2 scrolls of identify
 v - a scroll of vulnerability {unknown}


   Skills:
 + Level 2.4 Fighting
 + Level 2.3 Short Blades
 - Level 1.5 Dodging
 - Level 3.0 Stealth
 + Level 10.1 Spellcasting
 + Level 0.0 Conjurations
 + Level 7.1 Hexes
 + Level 0.0 Fire Magic
 - Level 2.0 Ice Magic
 + Level 2.3 Evocations


You had 17 spell levels left.
You knew the following spells:

 Your Spells              Type           Power      Damage    Failure   Level
a - Ensorcelled Hibernat  Hex/Ice        50%        N/A       1%          2
b - Confusing Touch       Hex            34%        N/A       1%          3
c - Ozocubu's Armour      Ice            16%        N/A       4%          3
d - Tukima's Dance        Hex            34%        N/A       1%          3

Your spell library contained the following spells:

 Spells                   Type           Power      Damage    Failure   Level
 Dazzling Flash           Conj/Hex       44%        N/A       2%          3
 Inner Flame              Hex/Fire       22%        N/A       2%          3
 Sting                    Tmut/Pois      36%        1d4       3%          1
 Poisonous Vapours        Pois/Air       18%        N/A       4%          2
 Metabolic Englaciation   Hex/Ice        12%        N/A       13%         5
 Flame Wave               Conj/Fire      9%         2d6       30%         4
 Olgreb's Toxic Radiance  Pois           9%         N/A       30%         4
 Sticky Flame             Conj/Fire      9%         2d3       30%         4
 Simulacrum               Ice/Necr       Unusable   N/A       N/A         6

Dungeon Overview and Level Annotations

Branches:
Dungeon (7/15)             Temple (1/1) D:5

Altars:
Ashenzari
Cheibriados
Dithmenos
Gozag
Hepliaklqana
Kikubaaqudgha
Makhleb
Nemelex Xobeh
Okawaru
Qazlal
Ru
Sif Muna
Trog
Uskayaw
Vehumet
Wu Jian
Xom
Yredelemnul

Shops:
D:2 =

Annotations:
D:3 Grinder


Innate Abilities, Weirdness & Mutations

You are immune to poison.
Your flesh is cold resistant. (rC+)
You are immune to negative energy. (rN+++)
You are immune to unholy pain and torment.
You are vulnerable to heat. (rF-)
You are in touch with the powers of death.
You do not drink.
You have a special connection with the divine. (Faith)


Message History

There is an open door here.
There is a stone staircase leading up here.
The wight hits you with a +4 scimitar of freezing!
The wight freezes you.
You climb upwards.
There is a stone staircase leading down here.
Casting: Confusing Touch (safe; 1% risk of failure)
Confirm with . or Enter, or press ? or * to list all spells.
Your hands begin to glow red.
The wight hits you with a +4 scimitar of freezing!
* * * LOW HITPOINT WARNING * * *
The wight freezes you.
* * * LOW HITPOINT WARNING * * *
You hit the wight but do no damage.
The wight appears confused.
You catch the helpless wight completely off-guard!
You puncture the wight!
The wight is almost destroyed.
You barely miss the wight.
The wight is almost destroyed.
The wight hits you with a +4 scimitar of freezing!
* * * LOW HITPOINT WARNING * * *
The wight freezes you.
* * * LOW HITPOINT WARNING * * *
You hit the wight but do no damage.
The wight is severely damaged.
The wight hits you with a +4 scimitar of freezing!
* * * LOW HITPOINT WARNING * * *
The wight freezes you.
* * * LOW HITPOINT WARNING * * *
You hit the wight.
The wight is almost destroyed.
You hit the wight but do no damage.
The wight is almost destroyed.
You barely miss the wight.
The wight is almost destroyed.
You barely miss the wight.
The wight is almost destroyed.
The wight hits you with a +4 scimitar of freezing!
You die...
Your body crumbles into a pile of gold.

## #. ##### #.... ##########
####.#.# #........# #....#.#
#...[....###### ######.##..
#.........(...#####.#....##)#
##.)......###@.......#.##.....
#.......####..z##......####.##
###..####.#
#>.....#.##......##
#<).....#'##
#.)[...#.###.###...
###).......#
#..[...#......##.#. #........#
#...##...####.#..#. #..).....#
#...###....##...##. #........#
#...# ##.#....#.### #........#
#...# #..##.##....


You could see a wight (confused).

Vanquished Creatures
  A hornet (D:7)
  A human (D:4)
  Menkaure (D:5)
  A steam dragon (D:5)
  2 water moccasins (D:6)
  An ice beast (D:5)
  A black bear (D:5)
  An orc warrior (D:6)
  A centaur (D:6)
  A phantom (D:5)
  A bullfrog (D:6)
  A gnoll sergeant (D:6)
  3 scorpions
  A howler monkey (D:5)
  6 hounds
  2 jellies
  4 orc priests
  2 iguanas
  3 sleepcaps
  7 orc wizards
  5 gnolls
  7 adders
  2 white imps (D:5)
  4 worms
  20 orcs
  5 ball pythons
  5 endoplasms
  6 giant cockroaches
  4 hobgoblins
  9 kobolds
  2 quokkas
  7 bats
  5 frilled lizards
  7 goblins
  A jackal zombie (D:4)
  3 rats
133 creatures vanquished.

Vanquished Creatures (others)
  A scorpion (D:5)
1 creature vanquished.

Grand Total: 134 creatures vanquished

Notes
Turn   | Place    | Note
-------+----------+-------------------------------------------
     0 | D:1      | GordonOverkill the Mummy Enchanter began the quest for the
                  | Orb.
     0 | D:1      | Reached XP level 1. HP: 13/13 MP: 4/4
    96 | D:1      | Reached skill level 1 in Short Blades
   120 | D:1      | Reached skill level 3 in Spellcasting
   120 | D:1      | Reached XP level 2. HP: 19/19 MP: 6/6
   156 | D:1      | Learned a level 2 spell: Ensorcelled Hibernation
   840 | D:2      | Gained mutation: You are in touch with the powers of death.
                  | [Mummy growth]
   840 | D:2      | Reached XP level 3. HP: 24/24 MP: 0/7
  1195 | D:2      | Found Saxkun's Jewellery Shoppe.
  1223 | D:2      | Found a faded altar of an unknown god.
  1735 | D:3      | Learned a level 3 spell: Confusing Touch
  2030 | D:3      | Reached skill level 1 in Ice Magic
  2369 | D:3      | Reached XP level 4. HP: 30/30 MP: 9/9
  2440 | D:3      | Noticed Grinder
  2880 | D:3      | Found an iron altar of Okawaru.
  3157 | D:3      | Learned a level 3 spell: Ozocubu's Armour
  3382 | D:4      | Identified a scroll of acquirement
  3384 | D:4      | Acquired 979 gold pieces
  3474 | D:4      | Reached skill level 4 in Spellcasting
  3614 | D:4      | Reached XP level 5. HP: 33/35 MP: 6/11
  3719 | D:4      | Acquired the ring of the Firefly {Wiz Contam rF+ rN+ Dex+3}
  3885 | D:4      | Reached skill level 5 in Spellcasting
  3885 | D:4      | Reached XP level 6. HP: 41/41 MP: 2/14
  4222 | D:4      | Found a runed translucent door.
  4222 | D:4      | Noticed a human
  4226 | D:4      | Found a basalt altar of Yredelemnul.
  4243 | D:4      | Killed a human
  4244 | D:4      | Reached skill level 6 in Spellcasting
  4441 | D:4      | Reached skill level 7 in Spellcasting
  4612 | D:4      | Found a sparkling altar of Nemelex Xobeh.
  4612 | D:4      | Found a snail-covered altar of Cheibriados.
  4776 | D:5      | Entered Level 5 of the Dungeon
  4789 | D:5      | Reached XP level 7. HP: 47/47 MP: 14/17
  4835 | D:5      | Identified the +10 mace of a wizard's laboratory {freeze,
                  | rN+ SInv}
  4986 | D:5      | Found a staircase to the Ecumenical Temple.
  4993 | Temple   | Entered the Ecumenical Temple
  5004 | Temple   | Became a worshipper of Gozag Ym Sagoz the Greedy
  5070 | D:5      | Reached skill level 1 in Fighting
  5269 | D:5      | Noticed Menkaure
  5304 | D:5      | Reached skill level 1 in Evocations
  5447 | D:5      | Killed Menkaure
  5470 | D:5      | Learned a level 3 spell: Tukima's Dance
  5805 | D:5      | Reached XP level 8. HP: 56/56 MP: 8/19
  5809 | D:5      | Reached skill level 8 in Spellcasting
  5812 | D:5      | Reached skill level 5 in Hexes
  6417 | D:6      | Reached skill level 9 in Spellcasting
  6976 | D:6      | Reached skill level 10 in Spellcasting
  6976 | D:6      | Reached XP level 9. HP: 54/61 MP: 15/23
  7442 | D:6      | Slain by a wight

Illustrated notes

Levels and vault maps discovered:
D:1:      lightli_arrival_maybe_door_vault, layout_rooms
D:2:      layout_basic, chequers_ecumenical_altar_island, serial_shops, shop
D:3:      layout_basic, okawaru_gym_becter, uniq_grinder
D:4:      layout_loops_ring, dk_yredelemnul_ordeal,
          gammafunk_temple_overflow_wave
D:5:      minmay_chambers_of_threes, layout_basic,
          minmay_temple_entry_enclosed_plants, uniq_menkaure
D:6:      layout_basic, nicolae_letterblocks [nicolae_letter_subblock,
          nicolae_letter_subblock, nicolae_letter_subblock,
          nicolae_letter_subblock, nicolae_letter_subblock,
          nicolae_letter_subblock, nicolae_letter_subblock,
          nicolae_letter_subblock, nicolae_letter_subblock,
          nicolae_letter_subblock, nicolae_letter_subblock,
          nicolae_letter_subblock, nicolae_letter_subblock,
          nicolae_letter_subblock, nicolae_letter_subblock,
          nicolae_letter_subblock, nicolae_letter_subblock,
          nicolae_letter_subblock, nicolae_letter_subblock,
          nicolae_letter_subblock, nicolae_letter_subblock,
          nicolae_letter_subblock, nicolae_letter_subblock,
          nicolae_letter_subblock, nicolae_letter_subblock]
D:7:      layout_gridville
Temple:   eino_temple_rhombus

Skill      XL: |  1  2  3  4  5  6  7  8  9 |
---------------+----------------------------+-----
Short Blades   | 1 2 |  2.3
Spellcasting   | 3 4 5 7 10 | 10.1
Hexes          | 3 4 6 7 |  7.1
Stealth        | 3 |  3.0
Ice Magic      | 1 2 |  2.0
Fighting       | 2 |  2.4
Evocations     | 1 2 |  2.3
Dodging        | |  1.5

Action                     |  1- 3 |  4- 6 |  7- 9 || total
---------------------------+-------+-------+-------++-------
  Melee: Dagger            |   138 |   127 |   180 ||   445
         Punch             |     2 |     1 |     1 ||     4
   Cast: Ensorcelled Hiber |    37 |    27 |    51 ||   115
         Confusing Touch   |     1 |     9 |     9 ||    19
         Ozocubu's Armour  |       |     3 |     1 ||     4
 Invoke: Potion Petition   |       |       |     1 ||     1
    Use: Scroll            |     4 |     5 |     2 ||    11
   Stab: Sleeping          |    22 |    22 |    39 ||    83
         Confused          |       |     3 |    10 ||    13
         Invisible         |       |       |     1 ||     1
 Armour: Robe              |    50 |    29 |    41 ||   120
  Dodge: Dodged            |    93 |    79 |   101 ||   273

Table legend: (Time is in decaauts)
 A = Elapsed time spent in this place.
 B = Non-inter-level travel time spent in this place.
 C = Inter-level travel time spent in this place.
 D = Time resting spent in this place.
 E = Time spent auto-exploring this place.
 F = Levels seen in this place.
 G = Mean time per level.
                   A        B        C        D        E       F      G
               +--------+--------+--------+--------+--------+-----+--------+
         Total |   7433 |   7184 |    249 |   2222 |   2606 |   8 |  929.1 |
       Dungeon |   7410 |   7181 |    229 |   2222 |   2606 |   7 | 1058.6 |
        Temple |     22 |      2 |     20 |      0 |      0 |   1 |   22.0 |
               +--------+--------+--------+--------+--------+-----+--------+

Top non-repeatable levels by time:
     D:5: 1839 daAuts
     D:3: 1522 daAuts
     D:4: 1291 daAuts
     D:2: 1229 daAuts
     D:1: 752 daAuts
     D:6: 679 daAuts
     D:7: 96 daAuts
  Temple: 22 daAuts
